Map: Terraform LE (Void)

Players

SticklerMac - Winner!

  • Race: Zerg Zerg
  • League: Bronze

Neosctm

  • Race: Terran Terran
  • League: Grandmaster

VOD

Have the link to the VOD?

Description

Time

  • Played on: Aug. 12, 2015, 11:05 a.m.
  • Length: 4:52
Show
View Real Time Build Order
Export as new Build Order

SticklerMac Zerg - Winner!

Build Orders: Hatch First, Zergling Baneling 

Get SALT Encoding   

  12  0:01  Drone  
  13  0:13  Overlord  
  13  0:17  Drone  
  14  0:35  Drone x2  
  16  0:36  Drone  
  17  0:55  Hatchery  
  16  0:57  Drone  
  16  1:02  Drone  
  18  1:08  Drone  
  19  1:19  Spawning Pool  
  19  1:23  Drone  
  19  1:29  Drone  
  19  1:30  Extractor  
  19  1:40  Drone  
  20  1:52  Drone  
  21  2:03  Drone  
  21  2:08  Queen x2  
  24  2:09  Drone  
  24  2:12  Overlord  
  27  2:18  Overlord  
  27  2:27  Drone  
  28  2:30  Drone  
  28  2:33  Drone  
  28  2:34  Metabolic Boost  
  30  2:39  Drone  
  31  2:44  Drone  
  31  2:50  Overlord  
  32  2:56  Baneling Nest  
  31  3:03  Zergling x4  
  33  3:08  Overlord  
  33  3:14  Zergling x2  
  33  3:19  Zergling x10  
  40  3:20  Zergling x6  
  40  3:24  Zergling x2  
  40  3:25  Zergling x2  
  44  3:32  Zergling x2  
  45  3:39  Zergling x2  
  46  3:43  Zergling x2  
  46  3:47  Baneling x2  
  47  3:50  Baneling x2  
  47  3:52  Zergling x10  
  52  3:55  Overlord x2  
  52  3:58  Overlord  
  52  4:01  Baneling x2  
  52  4:02  Baneling  
  52  4:07  Baneling  
  52  4:10  Overlord  
  52  4:12  Overlord  
  52  4:20  Zergling x4  
  52  4:21  Zergling x2  
Show
View Real Time Build Order
Export as new Build Order

Neosctm Terran 

Build Orders:  

Get SALT Encoding   

  12  0:01  SCV  
  13  0:13  SCV  
  14  0:21  Supply Depot  
  14  0:31  SCV  
  15  0:47  Supply Depot  
  15  0:48  SCV  
  16  0:57  Refinery  
  16  1:00  SCV  
  17  1:10  Barracks  
  17  1:21  SCV  
  18  1:33  SCV  
  18  1:39  Engineering Bay  
  19  1:42  Refinery  
  19  1:57  Supply Depot  
  19  2:13  SCV  
  20  2:23  Terran Infantry Weapons Level 1  
  20  2:25  SCV  
  21  2:35  Ghost Academy, Marine  
  22  2:53  Marine  
  23  3:08  Factory  
  23  3:11  Marine  
  24  3:29  Marine  
  25  3:38  Supply Depot  
  25  3:41  Orbital Command  
  25  3:47  Marine  
  26  4:02  Supply Depot  
  26  4:03  Barracks  
  26  4:04  Marine  
  27  4:22  Marine  
  28  4:25  Supply Depot  
  27  4:49  Supply Depot  
Tags
 
Add a new tag
Caveats
  • Supply blocks, unpowered buildings, or Contaminate may cause inaccurate times.
  • Supply counts are checked every 10 seconds.